 Dungeon Crawl Stone Soup version 0.29.1-2-gbd0b4ee654 (webtiles) character file.

Game seed: 11535392686619781292

210 Ihaveafatcat the Chopper (level 5, -3/45 HPs)
             Began as a Demigod Fighter on Nov 21, 2022.
             Succumbed to a scorpion's poison
             ... on level 5 of the Dungeon.
             The game lasted 00:04:49 (4452 turns).

Ihaveafatcat the Chopper (Demigod Fighter)          Turns: 4452, Time: 00:04:49

Health: -3/45      AC:  6    Str: 25    XL:     5   Next: 30%
Magic:  7/7        EV:  9    Int: 16    God:
Gold:   240        SH:  4    Dex: 13    Spells: 4/4 levels left

rFire   . . .      SeeInvis +   a - +0 war axe
rCold   . . .      Faith    .   c - +0 buckler
rNeg    . . .      Spirit   .   b - +0 scale mail
rPois   .          Reflect  .   (no helmet)
rElec   .          Harm     .   (no cloak)
rCorr   .          Rampage  .   (no gloves)
Will    .....                   (no boots)
Stlth   ..........              (no amulet)
HPRegen 0.15/turn               h - ring of see invisible
MPRegen 0.10/turn               j - ring "Woupset" {Str+4 Int+6}

@: lethally poisoned (-3 -> -33)
A: high MP 1, forlorn, divine attributes
a: no special abilities


You were on level 5 of the Dungeon.
You visited 1 branch of the dungeon, and saw 5 of its levels.

You collected 240 gold pieces.

Inventory:

Hand Weapons
 a - a +0 war axe (weapon)
Armour
 b - a +0 scale mail (worn)
 c - a +0 buckler (worn)
Jewellery
 h - a ring of see invisible (left hand)
 j - the ring "Woupset" (right hand) {Str+4 Int+6}
   (You found it on level 4 of the Dungeon)

   [ring of intelligence]

   Str:       It affects your strength (+4).
   Int:       It affects your intelligence (+6).
 k - a +6 ring of intelligence
 l - a ring of protection from fire
Scrolls
 m - a scroll of magic mapping
 n - a scroll of torment {unknown}
Potions
 d - 3 potions of might
 g - a potion of lignification (quivered) {unknown}
 i - 2 potions of ambrosia


   Skills:
 + Level 3.1 Fighting
 + Level 3.9 Axes
 + Level 3.6 Armour
 + Level 0.2 Dodging
 + Level 0.8 Stealth
 + Level 3.1 Shields


You had 4 spell levels left.
You didn't know any spells.
Your spell library contained the following spells:

 Spells                   Type           Power      Damage    Failure   Level
 Apportation              Tloc           0%         N/A       61%         1
 Necrotise                Necr           0%         1d4       61%         1
 Summon Small Mammal      Summ           0%         N/A       61%         1


Dungeon Overview and Level Annotations

Branches:
Dungeon (5/15)
 Temple: D:4-7

Shops:
D:2 [


Innate Abilities, Weirdness & Mutations

You have an increased reservoir of magic. (+10% MP)
You shall have no god before yourself.
Your divine heritage dramatically boosts your attributes as you level up.


Message History

The scorpion barely misses you.
You closely miss the orc priest.
The orc priest is severely wounded.
You hit the scorpion. You hit the scorpion but do no damage.
The scorpion barely misses you.
The orc priest hits you but does no damage.
The scorpion stings you but does no damage.
The scorpion barely misses you. The orc priest closely misses you.
The scorpion closely misses you.
You slash the orc priest!
You kill the orc priest!
You closely miss the scorpion. You barely miss the scorpion.
The scorpion stings you.
You are poisoned.
The scorpion poisons you! The scorpion stings you.
You hit the orc.
The orc is lightly wounded.
You closely miss the scorpion. x2
You feel very sick. The scorpion barely misses you.
The scorpion closely misses you. The orc hits you with a +0 hand axe.
The scorpion stings you.
You are lethally poisoned!
The scorpion poisons you! The scorpion barely misses you.
You are too injured to fight recklessly!
You hit the orc.
You kill the orc!
You hit the scorpion. You closely miss the scorpion.
* * * LOW HITPOINT WARNING * * *
You feel very sick.
The scorpion stings you but does no damage.
The scorpion stings you.
* * * LOW HITPOINT WARNING * * *
You are more poisoned.
The scorpion poisons you! The iguana barely misses you.
The scorpion closely misses you.
You are too injured to fight recklessly!
You slash the iguana!
The iguana is severely wounded.
You barely miss the scorpion. You hit the scorpion.
You die...

#.#...≈≈≈≈≈ .. .#..
.....~≈≈≈≈~ #.. ..#
#.#..~~≈~.♣.~ ... ..#
#.#.~≈≈~P.♣.P ###.## #.#
#.#.~≈≈~>P_P< #.....##.#
#.#.~≈≈~♣.PP.
.......#.###.#..≈≈≈≈♣P.~
......s#..##....~≈≈≈≈~~~
..._..l@...#.#...~~≈≈≈≈≈
......s#.#.#.#....~~~≈≈≈
.......#.....####...~~~.
#.....##.##### ###.....
###.## #.# #.##.. ...
..# #..... ### #...
########.... s...
.........<.. #.
########....


You could see 2 scorpions and an iguana.

Vanquished Creatures
  An orc priest (D:5)
  2 iguanas
  2 orc wizards (D:4)
  An adder (D:4)
  A worm (D:2)
  3 dart slugs
  11 orcs
  4 ball pythons
  A bat (D:3)
  7 endoplasms
  A giant cockroach (D:1)
  6 goblins
  3 hobgoblins
  7 kobolds
  A rat (D:2)
51 creatures vanquished.

Vanquished Creatures (others)
  9 fungi (D:3)
  A plant (D:3)
10 creatures vanquished.

Grand Total: 61 creatures vanquished

Notes
Turn   | Place    | Note
-------+----------+-------------------------------------------
     0 | D:1      | Ihaveafatcat the Demigod Fighter began the quest for the
                  | Orb.
     0 | D:1      | Reached XP level 1. HP: 18/18 MP: 3/3
   867 | D:1      | Reached XP level 2. HP: 24/25 MP: 4/4
  1550 | D:2      | Found Rafetedowu's Armour Emporium.
  1880 | D:2      | Identified the +1 ring mail "Xouwurch" {Slay+5}
  2398 | D:3      | Reached XP level 3. HP: 31/31 MP: 5/5
  3155 | D:4      | Identified the ring "Woupset" {Str+4 Int+6}
  3316 | D:4      | Reached XP level 4. HP: 34/38 MP: 6/6
  4379 | D:5      | Entered Level 5 of the Dungeon
  4386 | D:5      | Reached XP level 5. HP: 45/45 MP: 7/7
  4452 | D:5      | Succumbed to a scorpion's poison

Illustrated notes

Levels and vault maps discovered:
D:1:      evilmike_arrival_home_sweet_home, layout_loops_ring,
          hellmonk_ecumenical_altar_heavens_door, hangedman_decor_points
D:2:      layout_rooms, serial_shops, shop
D:3:      layout_basic, mainiacjoe_overflow_alcove_4, corexii_shack
D:4:      layout_loops_ring
D:5:      layout_loops_ring, old_standard_altar, mainiacjoe_overflow_24_doors,
          nicolae_tso_swordbearing_angel, fedhas_ov_isle_minmay, st_stairs_14,
          minmay_misc_feat_five, grunt_decor_cap, hex_medium, minmay_holes,
          uniq_crazy_yiuf_cottage, uniq_duvessa

Skill      XL: |  1  2  3  4 |
---------------+-------------+-----
Armour         | 3 |  3.6
Shields        | 3 |  3.1
Axes           | 2 3 |  3.9
Fighting       | 3 |  3.1
Dodging        | |  0.2
Stealth        | |  0.8

Action                   |  1- 3 |  4- 6 || total
-------------------------+-------+-------++-------
Melee: War axe           |   118 |    40 ||   158
  Use: Scroll            |     7 |       ||     7
       Potion            |     2 |     2 ||     4
Armor: Scale mail        |    42 |    16 ||    58
Dodge: Dodged            |    32 |    36 ||    68
Block: Buckler           |    20 |    16 ||    36
